Map: Kosmischer Saphir

Players

Pazifist

  • Race: Terran Terran
  • League: Platinum
  • Spawn Location: 5:00

Biasn - Winner!

  • Race: Protoss Protoss
  • Spawn Location: 11:00

VOD

Have the link to the VOD?

Description

Bunker rush defense as toss

Time

  • Played on: Nov. 4, 2022, 8:38 a.m.
  • Length: 9:39
Show
View Real Time Build Order
Export as new Build Order

Pazifist Terran 

Build Orders: Command Center First (CC), Mech 

Get SALT Encoding   

  12  0:01  SCV  
  13  0:13  SCV  
  14  0:35  Supply Depot  
  14  0:49  SCV  
  15  1:03  Command Center  
  15  1:06  Barracks  
  15  1:09  SCV  
  16  1:21  Refinery, SCV  
  17  1:36  Barracks  
  17  1:38  SCV  
  18  1:50  SCV  
  19  2:04  Bunker  
  19  2:07  Marine  
  20  2:14  Orbital Command  
  20  2:23  Marine  
  21  2:31  Marine  
  22  2:43  Marine  
  23  2:48  Orbital Command  
  23  2:49  Marine  
  23  2:50  SCV  
  25  3:26  Bunker  
  24  3:38  Bunker  
  21  4:10  Barracks Reactor  
  21  4:18  SCV  
  21  4:20  Barracks Tech Lab  
  21  4:21  Factory  
  21  4:22  SCV  
  23  4:25  Refinery  
  23  4:30  SCV, Command Center  
  24  4:34  SCV  
  25  4:42  SCV  
  25  4:44  Engineering Bay  
  25  4:45  Marauder, Factory  
  28  4:47  Factory  
  28  4:54  SCV  
  28  4:56  Marine x2, Bunker  
  28  5:00  SCV  
  28  5:06  Marauder, Factory Tech Lab  
  31  5:09  SCV  
  31  5:10  Concussive Shells  
  31  5:12  SCV  
  33  5:14  Marine x2  
  33  5:19  Missile Turret  
  33  5:21  SCV  
  36  5:24  SCV  
  36  5:28  Marauder  
  38  5:41  Marine x2, Siege Tank, SCV x2  
  38  5:42  Missile Turret  
  45  5:44  Supply Depot  
  45  5:45  Orbital Command  
  45  5:48  Factory Reactor  
  45  6:00  Supply Depot  
  45  6:06  Reaper  
  46  6:12  Refinery x2  
  46  6:16  SCV  
  47  6:25  Missile Turret  
  47  6:28  SCV  
  47  6:30  Reaper  
  47  6:32  Reaper, Factory Tech Lab  
  50  6:36  SCV x2  
  52  6:40  SCV  
  53  6:48  SCV  
  53  6:49  SCV  
  53  6:52  SCV, Command Center  
  55  6:59  Siege Tank, Missile Turret  
  55  7:00  SCV  
  55  7:01  SCV, Widow Mine x2  
  64  7:04  SCV  
  65  7:13  SCV x2  
  67  7:16  SCV  
  67  7:18  Refinery  
  67  7:22  Widow Mine  
  67  7:29  SCV  
  49  7:41  SCV  
  49  7:42  Marine x2, Marauder  
  41  7:53  SCV  
  41  7:54  Widow Mine x3  
  41  8:00  Marine x2  
  41  8:02  Starport  
  41  8:03  Marine  
  41  8:05  SCV  
  38  8:15  Widow Mine x3  
  27  8:39  Engineering Bay  
  19  8:56  Starport Tech Lab  
  19  8:58  Starport, SCV  
  19  9:01  Refinery  
  12  9:10  SCV  
  13  9:22  SCV  
Show
View Real Time Build Order
Export as new Build Order

Biasn Protoss - Winner!

Build Orders:  

Get SALT Encoding   

  12  0:00  Probe  
  13  0:12  Probe  
  14  0:20  Pylon  
  14  0:24  Probe  
  15  0:38  Probe (Chrono Boost)  
  15  0:40  Gateway  
  16  0:48  Assimilator  
  16  0:49  Probe (Chrono Boost)  
  17  0:54  Probe (Chrono Boost)  
  18  1:04  Probe  
  18  1:08  Pylon  
  19  1:16  Probe  
  20  1:27  Cybernetics Core  
  20  1:45  Nexus  
  20  1:48  Probe  
  21  1:55  Assimilator  
  21  2:00  Probe  
  21  2:01  Stalker (Chrono Boost)  
  22  2:04  Warp Gate (Chrono Boost)  
  24  2:12  Probe  
  25  2:30  Robotics Facility  
  25  2:32  Pylon  
  25  2:40  Probe  
  25  2:43  Stalker  
  28  2:52  Gateway  
  28  3:10  Probe (Chrono Boost)  
  30  3:13  Stalker  
  30  3:16  Probe (Chrono Boost)  
  30  3:18  Observer  
  34  3:20  Probe (Chrono Boost)  
  34  3:24  Probe (Chrono Boost)  
  31  3:43  Stalker  
  31  3:46  Stalker  
  35  3:55  Immortal  
  37  4:02  Probe x2  
  37  4:13  Gateway  
  37  4:16  Gateway  
  37  4:20  Pylon  
  37  4:22  Stalker  
  39  4:24  Sentry  
  41  4:35  Gateway  
  41  4:39  Twilight Council  
  41  4:43  Observer  
  41  4:54  Probe  
  42  5:01  Assimilator  
  42  5:03  Assimilator  
  42  5:06  Probe (Chrono Boost)  
  43  5:10  Pylon  
  43  5:12  Immortal  
  47  5:18  Probe (Chrono Boost)  
  49  5:22  Probe (Chrono Boost)  
  49  5:23  Probe (Chrono Boost)  
  50  5:31  Probe  
  51  5:36  Charge (Chrono Boost), Zealot x3  
  51  5:37  Zealot  
  59  5:50  Pylon  
  59  6:01  Warp Prism  
  61  6:12  Stalker  
  61  6:13  Stalker x3  
  69  6:20  Pylon  
  69  6:32  Forge  
  69  6:36  Probe (Chrono Boost)  
  70  6:46  Probe (Chrono Boost)  
  71  6:51  Probe (Chrono Boost)  
  72  6:54  Dark Shrine  
  72  7:02  Probe  
  73  7:13  Zealot x5  
  73  7:14  Probe  
  76  7:33  Photon Cannon  
  76  7:36  Photon Cannon  
  72  7:40  Stalker x3  
  72  7:41  Stalker x2  
  76  8:05  Stargate  
  76  8:09  Zealot x3  
  76  8:10  Zealot  
  84  8:19  Stalker  
  80  8:39  Stalker x3  
  86  8:48  Dark Templar x2  
  84  9:11  Phoenix  
  86  9:20  Pylon  
  86  9:24  Pylon  
  86  9:27  Pylon  
  86  9:30  Pylon  
  86  9:39  Nexus  
Tags
 
Add a new tag
Caveats
  • Supply blocks, unpowered buildings, or Contaminate may cause inaccurate times.
  • Supply counts are checked every 10 seconds.